AoeStats
← moron

Arena

504777227Analyzed
4v4 RM · 27d ago on Sep 6, 2026· 48m 13s· 8 players
Game mode
Random Map
Map size
Large (8 player)
Population
200
Speed
Normal
Resources
Standard
Victory
Conquest
Starting age
Dark Age
Ending age
Imperial Age
RankedLock teamsTeams togetherTeam positionsShared explorationLock speedFull tech treeHidden civsTurbo modeCheats
Victory
Defeat
🇬🇧 Celts · United Kingdom
1349
+14
🇨🇳 Bohemians · China
1299
+16
1294
+16
🇪🇸 Lithuanians · Spain
1273
+17
🇧🇷 Bohemians · Brazil
1328
-17
🇧🇷 Mapuche · Brazil
1319
-17
🇧🇷 Slavs · Brazil
1299
-16
🇧🇷 Romans · Brazil
1222
-13
moron
10:19 Feudal Age
11:03 Double-Bit Axe
11:42 Horse Collar
11:55 Loom
15:32 Castle Age
14:31 Gold Mining
16:29 Bow Saw
16:34 Pikeman
18:32 Forging
25:06 Wheelbarrow
26:54 Hand Cart
32:30 Imperial Age
32:28 Scale Mail Armor
33:18 Siege Engineers
32:37 Capped Ram
35:30 Fortified Wall
34:48 Onager
36:39 Gold Shaft Mining
36:36 Masonry
38:57 Fletching
40:48 Furor Celtica
41:39 Bodkin Arrow
42:06 Ballistics
42:23 Conscription
45:24 Chain Mail Armor
45:45 Iron Casting
46:34 Plate Mail Armor
48:40 Blast Furnace
ztarug93
11:25 Feudal Age
12:37 Double-Bit Axe
15:22 Castle Age
13:11 Horse Collar
16:14 Husbandry
16:26 Bow Saw
23:37 Sanctity
23:38 Gold Mining
24:36 Redemption
24:39 Scale Barding Armor
25:16 Bloodlines
25:17 Heavy Plow
25:57 Chain Barding Armor
27:15 Wheelbarrow
29:26 Hand Cart
28:56 Loom
32:27 Imperial Age
31:23 Forging
31:37 Stone Mining
33:00 Iron Casting
33:05 Stone Shaft Mining
33:59 Plate Barding Armor
33:43 Block Printing
33:08 Cavalier
35:46 Chemistry
37:41 Conscription
37:43 Fletching
38:31 Masonry
38:42 Ballistics
39:20 Paladin
42:03 Two-Man Saw
41:41 Bodkin Arrow
44:58 Bracer
45:31 Architecture
47:08 Elite Leitis
迷路将军
9:59 Feudal Age
15:20 Castle Age
13:23 Horse Collar
14:05 Double-Bit Axe
21:11 Wheelbarrow
21:02 Bow Saw
26:07 Fervor
29:15 Heavy Plow
30:32 Chemistry
30:10 Hand Cart
33:12 Imperial Age
30:59 Scale Mail Armor
30:48 Pikeman
32:01 Chain Mail Armor
31:57 Forging
32:38 Squires
32:25 Arson
34:29 Iron Casting
33:30 Halberdier
34:43 Plate Mail Armor
35:47 Two-Man Saw
35:22 Houfnice
38:09 Wagenburg Tactics
39:47 Blast Furnace
40:30 Fletching
40:23 Treadmill Crane
43:20 Town Watch
43:21 Loom
43:33 Bodkin Arrow
43:49 Siege Engineers
44:43 Town Patrol
44:13 Onager
DetectiveYemitoShumafuk
9:57 Feudal Age
13:37 Castle Age
11:54 Double-Bit Axe
11:57 Horse Collar
24:12 Wheelbarrow
23:43 Heavy Plow
24:21 Wheelbarrow
24:01 Bow Saw
25:29 Hand Cart
25:01 Loom
25:13 Town Watch
25:33 Gold Mining
25:34 Stone Mining
28:21 Squires
28:07 Gambesons
28:27 Scale Mail Armor
28:37 Forging
31:13 Imperial Age
28:25 Pikeman
28:26 Man-at-Arms
28:53 Arson
29:55 Chain Mail Armor
29:32 Long Swordsman
31:27 Iron Casting
33:06 Wootz Steel
33:48 Chemistry
33:24 Conscription
32:30 Two-Handed Swordsman
33:57 Champion
35:38 Blast Furnace
35:09 Plate Mail Armor
34:54 Fletching
36:18 Two-Man Saw
38:31 Ballistics
38:22 Masonry
38:21 Bodkin Arrow
38:27 Padded Archer Armor
38:43 Murder Holes
39:58 Bracer
40:13 Leather Archer Armor
42:31 Hoardings
MAMA YAGA
10:32 Feudal Age
15:08 Castle Age
13:22 Double-Bit Axe
13:32 Horse Collar
14:18 Gold Mining
17:57 Loom
23:36 Wheelbarrow
24:26 Bow Saw
24:22 Heavy Plow
29:46 Imperial Age
27:39 Hand Cart
27:33 Ballistas
29:23 Town Watch
30:08 Ballistics
30:41 Heavy Scorpion
32:39 Chemistry
31:52 Siege Engineers
33:14 Conscription
35:02 Capped Ram
36:21 Crop Rotation
39:18 Husbandry
38:38 Light Cavalry
41:37 Siege Ram
43:20 Scale Barding Armor
45:58 Bloodlines
Lord BELO
10:48 Feudal Age
14:56 Castle Age
13:23 Double-Bit Axe
15:58 Bow Saw
15:52 Horse Collar
18:24 Loom
21:43 Loom
22:54 Gold Mining
24:01 Heavy Plow
24:42 Wheelbarrow
24:12 Stone Mining
29:09 Imperial Age
26:44 Scale Mail Armor
26:55 Forging
27:16 Hand Cart
26:53 Pikeman
27:33 Squires
28:13 Chain Mail Armor
29:07 Iron Casting
28:51 Town Watch
30:39 Plate Mail Armor
29:31 Halberdier
31:01 Crop Rotation
31:38 Two-Man Saw
31:43 Detinets
31:44 Druzhina
32:04 Conscription
32:22 Ballistics
33:18 Blast Furnace
32:09 Fletching
33:36 Chemistry
32:48 Heavy Scorpion
33:55 Murder Holes
34:10 Masonry
35:09 Siege Engineers
37:52 Man-at-Arms
38:07 Elite Boyar
39:20 Scale Barding Armor
41:31 Gold Shaft Mining
41:27 Chain Barding Armor
41:09 Husbandry
41:19 Bloodlines
41:10 Long Swordsman
42:50 Two-Handed Swordsman
43:38 Champion
Mokkey
11:45 Feudal Age
12:51 Loom
16:31 Castle Age
15:40 Double-Bit Axe
15:45 Horse Collar
21:20 Town Watch
30:08 Fervor
30:57 Wheelbarrow
30:42 Heavy Plow
32:50 Scale Barding Armor
32:55 Forging
35:50 Imperial Age
33:26 Scale Mail Armor
35:18 Chemistry
34:01 Pikeman
38:12 Forging
38:26 Chain Mail Armor
38:33 Halberdier
42:03 Plate Mail Armor
42:09 Squires
42:28 Forging
46:01 Iron Casting
45:45 Hand Cart
45:43 Bow Saw
TIRA-ONDA
10:39 Feudal Age
12:09 Double-Bit Axe
12:04 Horse Collar
14:54 Castle Age
12:41 Horse Collar
16:20 Bow Saw
16:12 Heavy Plow
16:53 Forging
24:56 Wheelbarrow
24:25 Loom
26:03 Town Watch
27:10 Stone Mining
27:10 Gold Mining
27:55 Hand Cart
32:45 Imperial Age
30:01 Pikeman
30:32 Elite Skirmisher
31:21 Fletching
31:32 Padded Archer Armor
32:13 Ballistics
31:35 Treadmill Crane
32:06 Masonry
37:09 Siege Engineers
37:14 Masonry
37:43 Bodkin Arrow
39:07 Conscription
44:53 Crop Rotation
44:38 Halberdier
45:57 Gold Shaft Mining
45:59 Stone Shaft Mining
Connection lost

Rejoining the realm…

Still unreachable

The connection could not be restored.

Session expired

The server has moved on; the page needs a fresh start.